 Dungeon Crawl Stone Soup version 0.27.1 (webtiles) character file.

Game seed: 16270789419824312662

2481 shadowrider38 the Fighter (level 9, -1/67 HPs)
             Began as a Kobold Berserker on Aug 25, 2021.
             Was a Priest of Trog.
             Killed from afar by a white imp (6 damage)
             ... with a puff of frost
             ... on level 7 of the Dungeon.
             The game lasted 00:15:04 (8614 turns).

shadowrider38 the Fighter (Kobold Berserker)        Turns: 8614, Time: 00:15:04

Health: -1/67      AC: 11    Str: 24    XL:     9   Next: 81%
Magic:  9/9        EV:  9    Int:  8    God:    Trog [***...]
Gold:   290        SH:  0    Dex: 14    Spells: 8/8 levels left

rFire    . . .     SeeInvis .   a - +0 rapier
rCold    . . .     Faith    .   (shield restricted)
rNeg     . . .     Spirit   .   d - +0 plate armour
rPois    .         Reflect  .   (no helmet)
rElec    .         Harm     .   (no cloak)
rCorr    .         Rampage  .   e - +0 pair of gloves
Will     +....                  (no boots)
Stlth    ..........             (no amulet)
HPRegen  0.21/turn              u - +6 ring of strength
MPRegen  0.11/turn              D - ring of willpower

@: on berserk cooldown, slowed, very slow
A: small, no large weapons, nightstalker 3
a: Renounce Religion, Berserk, Trog's Hand


You were on level 7 of the Dungeon.
You worshipped Trog.
Trog was most pleased with you.
You visited 1 branch of the dungeon, and saw 7 of its levels.

You collected 290 gold pieces.

Inventory:

Hand Weapons
 a - a +0 rapier (weapon)
Missiles
 c - 165 stones
 j - 76 bolts
 k - 30 poisoned darts (quivered)
Armour
 d - a +0 plate armour (worn)
 e - a +0 pair of gloves (worn)
Jewellery
 u - a +6 ring of strength (left hand)
 D - a ring of willpower (right hand)
 F - a ring of positive energy
Wands
 n - a wand of flame (40)
Scrolls
 b - a scroll of fear {unknown}
 h - a scroll of silence {unknown}
 i - a scroll of enchant armour {unknown}
 l - a scroll of teleportation {unknown}
 m - 2 scrolls of blinking
 p - a scroll of summoning {unknown}
 q - a scroll of enchant weapon {unknown}
 r - a scroll of noise {unknown}
 s - 2 scrolls of amnesia
 y - a scroll of torment {unknown}
 z - 2 scrolls of identify
 E - a scroll of magic mapping {unknown}
Potions
 f - 5 potions of curing
 g - a potion of invisibility
 o - 3 potions of magic
 t - a potion of flight
 v - a potion of mutation
 w - a potion of might
 x - a potion of resistance
 A - a potion of berserk rage {unknown}
 B - a potion of ambrosia {unknown}
 C - a potion of haste {unknown}


   Skills:
 + Level 12.8 Fighting
 - Level 7.0 Short Blades
 - Level 1.5 Armour
 - Level 2.4 Dodging


You had 8 spell levels left.
You didn't know any spells.
Your spell library was empty.

Dungeon Overview and Level Annotations

Branches:
Dungeon (7/15)
 Temple: D:4-7

Altars:
Ashenzari
Cheibriados
Elyvilon
Qazlal
Uskayaw
Wu Jian

Shops:
D:3 *


Innate Abilities, Weirdness & Mutations

You are small and have problems with some larger weapons.
You are completely attuned to the shadows.


Message History

The orc warrior hits you with a +0 dire flail!
* * * LOW HITPOINT WARNING * * *
You hit the orc warrior but do no damage.
The orc warrior is almost dead.
You hit the orc warrior.
The orc warrior is almost dead.
The orc warrior hits you but does no damage.
You barely miss the orc warrior.
The orc warrior is almost dead.
You barely miss the orc warrior.
The orc warrior is almost dead.
The orc warrior hits you but does no damage.
You hit the orc warrior but do no damage.
The orc warrior is almost dead.
You hit the orc warrior but do no damage.
The orc warrior is almost dead.
The orc warrior hits you with a +0 dire flail!
* * * LOW HITPOINT WARNING * * *
You puncture the orc warrior!
You kill the orc warrior!
Trog accepts your kill.
You start resting.
You feel a strong urge to attack something.
You start resting.
You are no longer berserk.
You are exhausted.
You feel yourself slow down.
You start resting.
You start resting.
A white imp comes into view.
Aiming: Throw Flame
Press: ? - help, Shift-Dir - straight line, f - white imp
Aim: a white imp (wandering, hasn't noticed you, 68% to hit)
The puff of flame hits the white imp.
The white imp is burned terribly!
The white imp is moderately wounded.
The white imp shouts, "Crawl home, thou yeasty wibble-sucking snaffler!"
You hear a shout!
The white imp gestures at you. The puff of frost hits you.
You die... ################## .............5.)@# ##################

You could see a white imp.

Vanquished Creatures
  A two-headed ogre (D:5)
  The ghost of RatsInWalls the Charlatan, an amateur GnAr (D:4)
  A steam dragon (D:4)
  2 orc warriors (D:7)
  Purgy (D:3)
  A black bear (D:6)
  An ice beast (D:5)
  A necrophage (D:6)
  A sky beast (D:5)
  2 bullfrogs
  A wyvern zombie (D:6)
  A scorpion (D:5)
  A howler monkey (D:3)
  A hound (D:6)
  2 bullfrog skeletons
  3 orc priests
  3 iguanas
  A scorpion zombie (D:5)
  3 orc wizards (D:7)
  A killer bee zombie (D:5)
  A hound skeleton (D:4)
  A howler monkey zombie (D:5)
  5 gnolls
  4 adders
  A white imp (D:7)
  An ufetubus (D:6)
  An adder skeleton (D:4)
  A worm (D:3)
  2 dart slugs
  9 orcs
  5 ball pythons
  10 endoplasms
  4 giant cockroaches
  3 hobgoblins (D:1)
  3 jackals (D:1)
  5 quokkas
  7 bats
  6 frilled lizards
  7 goblins
  4 kobolds
  6 rats
115 creatures vanquished.

Notes
Turn   | Place    | Note
-------+----------+-------------------------------------------
     0 | D:1      | shadowrider38 the Kobold Berserker began the quest for the
                  | Orb.
     0 | D:1      | Reached XP level 1. HP: 14/14 MP: 1/1
   117 | D:1      | Reached XP level 2. HP: 14/19 MP: 2/2
   521 | D:1      | Reached XP level 3. HP: 24/24 MP: 3/3
   564 | D:1      | Reached skill level 4 in Fighting
   649 | D:1      | Reached ** piety under Trog
   749 | D:1      | Reached skill level 5 in Short Blades
  1281 | D:2      | Reached XP level 4. HP: 22/29 MP: 4/4
  1452 | D:2      | Found a faded altar of an unknown god.
  2617 | D:3      | Reached XP level 5. HP: 25/34 MP: 5/5
  2680 | D:3      | Reached skill level 5 in Fighting
  3327 | D:2      | Reached XP level 6. HP: 35/40 MP: 6/6
  3480 | D:3      | Found Gasim's Assorted Antiques.
  3541 | D:3      | Found a broken altar of Ashenzari.
  3890 | D:3      | Noticed Purgy
  3898 | D:3      | Killed Purgy
  4423 | D:4      | Reached skill level 6 in Fighting
  4613 | D:4      | Found a stormy altar of Qazlal.
  4643 | D:4      | Noticed a steam dragon
  4651 | D:4      | Killed a steam dragon
  4652 | D:4      | Reached skill level 7 in Fighting
  4652 | D:4      | Reached XP level 7. HP: 48/48 MP: 7/7
  5051 | D:4      | Found a runed translucent door.
  5052 | D:4      | Noticed RatsInWalls's ghost (amateur GnAr)
  5316 | D:5      | Entered Level 5 of the Dungeon
  5341 | D:4      | Killed RatsInWalls's ghost
  5342 | D:4      | Reached skill level 8 in Fighting
  5342 | D:4      | Reached XP level 8. HP: 54/54 MP: 8/8
  5829 | D:5      | Found a snail-covered altar of Cheibriados.
  6068 | D:5      | Reached skill level 9 in Fighting
  6263 | D:5      | Noticed a two-headed ogre
  6274 | D:5      | Killed a two-headed ogre
  6275 | D:5      | Reached skill level 11 in Fighting
  6275 | D:5      | Reached XP level 9. HP: 11/64 MP: 9/9
  7737 | D:6      | Reached skill level 12 in Fighting
  7982 | D:6      | Found a hide-covered altar of Uskayaw.
  8338 | D:6      | Found an ornate altar of the Wu Jian Council.
  8447 | D:7      | Reached *** piety under Trog
  8557 | D:7      | Found a white marble altar of Elyvilon.
  8599 | D:7      | HP: 2/100 [orc warrior (13)]
  8614 | D:7      | Killed from afar by a white imp

Illustrated notes

Levels and vault maps discovered:
D:1:      dpeg_arrival_simpleton_c, layout_loops_cross, minmay_hedge_maze
D:2:      layout_loops_cross, basic_ecumenical_altar
D:3:      layout_basic, cheibrodos_ashenzari_chains, serial_shops,
          nicolae_square_shop, hangedman_decor_push, grunt_decor_fettered,
          uniq_purgy
D:4:      layout_basic, mainiacjoe_overflow_alcove_1, ebering_ghost_inner_flame
D:5:      layout_gridville, mainiacjoe_overflow_six_doors_small
D:6:      layout_cave_pools, mainiacjoe_overflow_big_doors,
          chequers_ossuary_entry_cave
D:7:      layout_rooms, mainiacjoe_overflow_concentric_impassable,
          lemuel_crystal_altar, minmay_temple_entry_fiery, enter_bailey_5

Skill      XL: |  1  2  3  4  5  6  7  8  9 |
---------------+----------------------------+-----
Fighting       | 4 5 7 8 11 12 | 12.8
Short Blades   | 5 6 7 |  7.0
Armour         | |  1.5
Dodging        | |  2.4

Action                   |  1- 3 |  4- 6 |  7- 9 || total
-------------------------+-------+-------+-------++-------
Melee: Short sword       |    89 |   164 |   129 ||   382
       Rapier            |       |       |    93 ||    93
Invok: Berserk           |     2 |     6 |    11 ||    19
Evoke: Wand              |       |       |     2 ||     2
  Use: Scroll            |       |       |     9 ||     9
 Stab: Sleeping          |    10 |     6 |     2 ||    18
       Distracted        |       |     1 |       ||     1
Armor: Animal skin       |    13 |       |       ||    13
       Leather armour    |     5 |     2 |       ||     7
       Ring mail         |       |    48 |       ||    48
       Steam dragon scal |       |       |     2 ||     2
       Plate armour      |       |       |    97 ||    97
Dodge: Dodged            |    42 |   108 |    75 ||   225
